 Dungeon Crawl Stone Soup version 0.28.0-45-g0d030f2227 (webtiles) character file.

Game seed: 8633694659270016337

44 Icepheonix32 the Firebug (level 3, -2/19 HPs)
             Began as a Tengu Fire Elementalist on Apr 16, 2022.
             Slain by a gnoll
             ... wielding a +0 spear
              (7 damage)
             ... on level 2 of the Dungeon.
             The game lasted 00:02:22 (1416 turns).

Icepheonix32 the Firebug (Tengu Fire Elementalist)  Turns: 1416, Time: 00:02:23

Health: -2/19      AC:  3    Str:  8    XL:     3   Next: 60%
Magic:  2/7        EV: 12    Int: 17    God:
Gold:   34         SH:  0    Dex: 14    Spells: 5/6 levels left

rFire   . . .      SeeInvis .   m - +3 dagger
rCold   . . .      Faith    .   (no shield)
rNeg    . . .      Spirit   .   f - +0 leather armour
rPois   .          Reflect  .   (helmet restricted)
rElec   .          Harm     .   (no cloak)
rCorr   .          Rampage  .   (no gloves)
Will    .....                   (boots unavailable)
Stlth   ++........              (no amulet)
HPRegen 0.06/turn               (no ring)
MPRegen 0.10/turn               (no ring)

@: very slightly contaminated
A: beak, talons 3
a: no special abilities


You were on level 2 of the Dungeon.
You visited 1 branch of the dungeon, and saw 2 of its levels.

You collected 34 gold pieces.

Inventory:

Hand Weapons
 g - a +0 dagger
 m - a +3 dagger (weapon)
Missiles
 d - 3 silver javelins
Armour
 a - a +0 robe
 f - a +0 leather armour (worn)
 h - a +0 ring mail
Wands
 k - a wand of flame (25)
Scrolls
 c - 2 scrolls of identify {unknown}
 i - a scroll of amnesia {unknown}
 l - a scroll of blinking {unknown}
Potions
 b - a potion of curing {unknown}
 e - 2 potions of heal wounds {unknown}
 j - a potion of cancellation {unknown}


   Skills:
 + Level 0.1 Fighting
 + Level 2.6 Dodging
 - Level 2.0 Stealth
 - Level 2.0 Spellcasting
 + Level 1.7 Conjurations
 * Level 4.5 Fire Magic


You had 5 spell levels left.
You knew the following spells:

 Your Spells              Type           Power      Damage    Failure   Level
a - Foxfire               Conj/Fire      48%        2x1d6     8%          1

Your spell library contained the following spells:

 Spells                   Type           Power      Damage    Failure   Level
 Scorch                   Fire           34%        2d7       7%          2
 Conjure Flame            Conj/Fire      12%        6-21      24%         3
 Inner Flame              Hex/Fire       9%         N/A       32%         3
 Flame Wave               Conj/Fire      12%        2d6       61%         4


Dungeon Overview and Level Annotations

Branches:
Dungeon (2/15)

Altars:

Shops:
D:1 [


Innate Abilities, Weirdness & Mutations

You have a beak for a mouth.
You have claws for feet.


Message History

The adder closely misses you.
You conjure some foxfire!
The adder closely misses you.
You hit the adder.
You kill the adder!
No target in view!
No target in view!
Your foxfire dissipates! x2
A gnoll comes into view. It is wielding a +0 spear.
The gnoll shouts!
A gnoll comes into view. It is wielding a +0 halberd.
There are monsters nearby!
You conjure some foxfire!
You conjure some foxfire!
The foxfire hits the gnoll.
The gnoll is moderately wounded.
The gnoll hits you from afar with a +0 spear!
You conjure some foxfire!
The foxfire hits the gnoll but does no damage.
The gnoll is moderately wounded.
The foxfire hits the gnoll but does no damage.
The gnoll is moderately wounded.
The gnoll hits you from afar with a +0 spear.
* * * LOW HITPOINT WARNING * * *
You are too injured to fight recklessly!
Unknown command.
Casting: Foxfire (safe; 8% risk of failure)
Confirm with . or Enter, or press ? or * to list all spells.
You miscast Foxfire.
You are very lightly contaminated with residual magic.
Nothing appears to happen.
The foxfire hits the gnoll.
The gnoll is moderately wounded.
The foxfire hits the gnoll.
The gnoll is heavily wounded.
The foxfire hits the gnoll.
The gnoll is severely wounded.
The gnoll misses you.
Casting: Foxfire (safe; 8% risk of failure)
Confirm with . or Enter, or press ? or * to list all spells.
You conjure some foxfire!
The gnoll hits you from afar with a +0 spear!
You die...

........#####
#...........#
#.###...###.#
#.##.....##.# #
#.#.......#.# .#
.###...........####.#
#.......<.......§.gg#
.##...[........§v.###
.#...........#.#@.#
............##.#v.......
#......#...###.#........
#.#...##†.## #.#).......
#.##........ ..#........
#. ######.######........
#. #.# #........ #. .#
#........ #. .#


You could see 2 gnolls.

Vanquished Creatures
  An adder (D:2)
  3 dart slugs (D:1)
  4 ball pythons
  3 bats
  4 endoplasms (D:1)
  A giant cockroach (D:1)
  A hobgoblin (D:2)
  A jackal (D:1)
  2 kobolds (D:1)
  A quokka (D:1)
  2 frilled lizards
  2 goblins
  2 rats (D:1)
27 creatures vanquished.

Vanquished Creatures (others)
  67 foxfires
67 creatures vanquished.

Grand Total: 94 creatures vanquished

Notes
Turn   | Place    | Note
-------+----------+-------------------------------------------
     0 | D:1      | Icepheonix32 the Tengu Fire Elementalist began the quest
                  | for the Orb.
     0 | D:1      | Reached XP level 1. HP: 10/10 MP: 4/4
   143 | D:1      | Reached XP level 2. HP: 9/15 MP: 0/6
   498 | D:1      | Reached skill level 4 in Fire Magic
   820 | D:1      | Reached XP level 3. HP: 19/19 MP: 4/7
  1070 | D:1      | Found Zariw's Antique Armour Boutique.
  1416 | D:2      | Slain by a gnoll

Illustrated notes

Levels and vault maps discovered:
D:1:      elethiomel_arrival_maze, layout_basic, serial_shops, shop,
          st_stairs_10, minmay_misc_feat_enclosed,
          chequers_serial_rivers_large_b
D:2:      layout_loops_ring, uniq_robin

Skill      XL: |  1  2 |
---------------+-------+-----
Fire Magic     | 4 |  4.5
Fighting       | |  0.1
Dodging        | |  2.6
Stealth        | |  2.0
Spellcasting   | |  2.0
Conjurations   | |  1.7

Action                   || total
-------------------------++-------
Melee: Unarmed           ||     2
       Dagger            ||    19
       Kick              ||     8
 Cast: Foxfire           ||    43
Armor: Robe              ||     4
       Leather armour    ||     5
Dodge: Dodged            ||    24
